 Dungeon Crawl Stone Soup version 0.26-a0-1147-g3780a7a11b (webtiles) character file.

Game seed: 3420003631103237998

149 sokol815 the Sneak (level 5, -3/36 HPs)
             Began as an Octopode Delver on Dec 22, 2020.
             Slain by an orc
             ... wielding a +0 trident
              (7 damage)
             ... on level 2 of the Dungeon.
             The game lasted 00:05:00 (1958 turns).

sokol815 the Sneak (Octopode Delver)                Turns: 1958, Time: 00:05:01

Health: -3/36      AC:  1    Str: 11    XL:     5   Next: 31%
Magic:  5/5        EV: 13    Int: 13    God:
Gold:   84         SH:  0    Dex: 14    Spells: 4/4 levels left

rFire    . . .     SeeInvis .   a - +0 falchion
rCold    . . .     Faith    .   (no shield)
rNeg     . . .     Spirit   .   (helmet restricted)
rPois    .         Reflect  .   (no amulet)
rElec    .         Harm     .   (no ring)
rCorr    .         Rampage  .   (no ring)
Will     .....                  (no ring)
Stlth    ++++......             (no ring)
HPRegen  0.12/turn              (no ring)
MPRegen  0.09/turn              (no ring)
                                (no ring)
                                (no ring)

@: no status effects
A: almost no armour, stealthy swim, amphibious, 8 rings, constrict 8, camouflage
1, gelatinous body 1
a: no special abilities


You were on level 2 of the Dungeon.
You visited 1 branch of the dungeon, and saw 5 of its levels.

You collected 84 gold pieces.

Inventory:

Hand Weapons
 a - a +0 falchion (weapon)
Missiles
 e - 15 stones (quivered)
 k - a throwing net {=f, !d}
 p - 15 sling bullets
 t - 29 poisoned darts
Wands
 f - a wand of digging (3)
Scrolls
 b - 2 scrolls of fog
 c - 2 scrolls of magic mapping {!r}
 d - a scroll of fear
 g - 2 scrolls of teleportation
 h - 2 scrolls of identify
 o - a scroll of enchant weapon {unknown}
 q - a scroll of amnesia {unknown}
 s - a scroll of immolation {unknown}
Potions
 i - a potion of flight {unknown}
 j - 3 potions of lignification {unknown}
 l - a potion of cancellation {unknown}
 n - a potion of curing {unknown}
 r - a potion of resistance {unknown}
 u - a potion of mutation {!q}
 v - a potion of attraction {unknown}


   Skills:
 - Level 3.0 Fighting
 + Level 5.3 Long Blades
 - Level 2.0 Dodging
 - Level 6.6 Stealth


You had 4 spell levels left.
You didn't know any spells.
Your spell library was empty.

Dungeon Overview and Level Annotations

Branches:
Dungeon (5/15)
 Temple: D:4-7

Altars:

Annotations:
D:4 1 transporter


Innate Abilities, Weirdness & Mutations

You cannot wear most types of armour.
You are very stealthy in the water. (Stealth+)
You are amphibious.
You can wear up to eight rings at the same time.
You can use your tentacles to constrict eight enemies at once.
Your skin changes colour to match your surroundings (Stealth+).
Your rubbery body absorbs attacks. (AC +1, EV +1)


Message History

e - 21 stones (gained 1)
h - 2 scrolls labelled ATHRYA HU GELA (gained 1)
There is a stone staircase leading down here.
h - 3 scrolls labelled ATHRYA HU GELA (gained 1)
b - 2 scrolls of fog (gained 1)
w - a scratched garnet ring Oops, that ring feels deathly cold.
w - a cursed -4 ring of evasion (left tentacle)
As you read the scroll labelled IMATHERAIP, it crumbles to dust.
You feel strangely unstable.
It was a scroll of teleportation.
As you read the scroll labelled ATHRYA HU GELA, it crumbles to dust.
It is a scroll of identify.
u - a potion of mutation
As you read the scroll labelled ILESIK ASHAIJO, it crumbles to dust.
You feel as if something is helping you.
It was a scroll of remove curse.
Your surroundings suddenly seem different.
Drop what? 22/52 slots (_ for help) (? for menu, Esc to quit)
You remove your -4 ring of evasion.
You drop a -4 ring of evasion.
An orc comes into view. It is wielding a +0 mace.
You throw a stone.
The stone hits the orc but does no damage.
The orc shouts!
An orc comes into view. It is wielding a +0 trident.
An orc comes into view. It is wielding a +0 club.
You throw a stone. The orc shouts! x2
The stone hits the orc but does no damage.
You throw a stone.
The stone hits the orc but does no damage.
An orc comes into view.
An orc priest comes into view.
You throw a stone. The orc shouts!
The stone hits the orc.
You throw a stone. The stone hits the orc.
You throw a stone.
The stone hits the orc but does no damage.
You hit the orc. Your grab misses the orc. The orc closely misses you.
You riposte.
You hit the orc. Your grab misses the orc. You hit the orc.
You kill the orc!
You have reached level 5!
You feel agile.
Health restored: 36; MP restored: 5 You hit the orc.
You kill the orc!
You hit the orc priest but do no damage.
Your grab misses the orc priest. The orc priest hits you.
The orc hits you from afar with a +0 trident.
You take 3 damage, and have 33/36 hp.
You hit the orc priest. Your grab misses the orc priest.
The orc priest closely misses you.
You hit the orc priest but do no damage.
Your grab misses the orc priest.
The orc hits you from afar with a +0 trident.
The orc priest hits you.
You take 8 damage, and have 26/36 hp.
MASSIVE DAMAGE!!
You hit the orc priest but do no damage.
You grab the orc priest.
You constrict the orc priest, but do no damage.
The orc barely misses you. The orc priest misses you.
You hit the orc priest but do no damage.
You constrict the orc priest, but do no damage.
The orc hits you from afar with a +0 trident.
The orc priest hits you.
You take 6 damage, and have 20/36 hp.
You hit the orc priest. You squeeze the orc priest!
You constrict the orc priest.
You kill the orc priest!
The orc hits you but does no damage.
You barely miss the orc. You grab the orc.
You constrict the orc, but do no damage.
The orc closely misses you.
The orc hits you from afar with a +0 trident!
You take 7 damage, and have 13/36 hp.
You hit the orc. You squeeze the orc!
You kill the orc!
The orc completely misses you. The orc hits you but does no damage.
Items here: )) [[[ †††.
You barely miss the orc. You grab the orc. You constrict the orc.
The orc hits you with a +0 trident.
* * * LOW HITPOINT WARNING * * *
You take 5 damage, and have 8/36 hp.
You hit the orc but do no damage. You constrict the orc.
The orc barely misses you.
You hit the orc but do no damage. You constrict the orc.
The orc hits you with a +0 trident.
* * * LOW HITPOINT WARNING * * *
You take 2 damage, and have 6/36 hp.
You completely miss the orc. You constrict the orc.
The orc hits you with a +0 trident.
* * * LOW HITPOINT WARNING * * *
You take 2 damage, and have 4/36 hp.
You hit the orc but do no damage. You constrict the orc.
The orc hits you with a +0 trident!
You die...

....#..#.##.#
#.###.....#.#.#.
....... ..
#..#....#.#.
....(..
##.#.##.#.#.
...(... #.#.#
.#.#. .≈(..≈.
#.#.# #.#.#(......
#.# #.#..(......
#.# #.##(o...?..
#.## #.##@# #..#
#.##.# .######.###
#.##.#
..........###÷##.#
########......##.#
########.........#
...........####..#
...........#
#..#######
†.......##=##
#<.##....#


You could see an orc.

Vanquished Creatures
  An orc priest (D:2)
  An iguana (D:4)
  A hound skeleton (D:4)
  3 adders
  A worm (D:2)
  A dart slug (D:1)
  4 leopard geckos
  3 orcs (D:2)
  2 ball pythons (D:1)
  2 giant cockroaches
  3 goblins
  4 hobgoblins
  5 jackals (D:2)
  5 bats (D:2)
  A jackal skeleton (D:2)
  3 kobolds (D:1)
  4 rats
44 creatures vanquished.

Vanquished Creatures (others)
  A fungus (D:2)
1 creature vanquished.

Grand Total: 45 creatures vanquished

Notes
Turn   | Place    | Note
-------+----------+-------------------------------------------
     0 | D:5      | sokol815 the Octopode Delver began the quest for the Orb.
     0 | D:5      | Reached XP level 1. HP: 16/16 MP: 1/1
    63 | D:4      | Reached XP level 2. HP: 12/21 MP: 2/2
    69 | D:4      | Reached skill level 3 in Long Blades
   108 | D:4      | Reached XP level 3. HP: 18/26 MP: 3/3
   161 | D:4      | Reached skill level 4 in Long Blades
   166 | D:4      | Found a transporter.
   171 | D:4      | Noticed a phantom
   177 | D:4      | HP: 4/26 [phantom (8)]
   561 | D:1      | Reached XP level 4. HP: 31/31 MP: 4/4
  1888 | D:2      | Reached skill level 5 in Long Blades
  1944 | D:2      | Reached XP level 5. HP: 36/36 MP: 5/5
  1954 | D:2      | HP: 8/36 [orc/+0 trident (6)]
  1958 | D:2      | Slain by an orc

Illustrated notes

Levels and vault maps discovered:
D:1:      matt_arrival_diagonals, layout_basic, minmay_crystal_water,
          minmay_misc_feat_doors
D:2:      cheibrodos_pilgrimage, layout_basic, uniq_crazy_yiuf_cottage
D:3:      layout_basic, chequers_serial_rivers_micro_e, guppyfry_early_orc_mine
D:4:      gammafunk_steamed_eel, layout_loops_ring, gup_ossuary_entry_pyramid,
          portal_sewer_entry_d, uniq_eustachio
D:5:      layout_rooms, general_overflow_altar, minitemple

Skill      XL: |  1  2  3  4 |
---------------+-------------+-----
Long Blades    | 3 4 5 |  5.3
Fighting       | |  3.0
Dodging        | |  2.0
Stealth        | |  6.6

Action                   |  1- 3 |  4- 6 || total
-------------------------+-------+-------++-------
Melee: Falchion          |    31 |    60 ||    91
       Tentacles         |     7 |     9 ||    16
       Constrict         |     6 |    16 ||    22
Throw: Stone             |    15 |    83 ||    98
  Use: Potion            |     1 |       ||     1
       Scroll            |       |     3 ||     3
 Stab: Sleeping          |     7 |       ||     7
Armor: Skin              |     1 |     4 ||     5
Dodge: Dodged            |    19 |    31 ||    50
       Rpst.: Falchion   |     5 |     6 ||    11

Table legend: (Time is in decaauts)
 A = Elapsed time spent in this place.
 B = Non-inter-level travel time spent in this place.
 C = Inter-level travel time spent in this place.
 D = Time resting spent in this place.
 E = Time spent auto-exploring this place.
 F = Levels seen in this place.
 G = Mean time per level.
                   A        B        C        D        E       F      G
               +--------+--------+--------+--------+--------+-----+--------+
         Total |   1959 |   1921 |     38 |    123 |   1301 |   5 |  391.8 |
       Dungeon |   1959 |   1921 |     38 |    123 |   1301 |   5 |  391.8 |
               +--------+--------+--------+--------+--------+-----+--------+

Top non-repeatable levels by time:
     D:1: 895 daAuts
     D:2: 703 daAuts
     D:4: 200 daAuts
     D:3: 110 daAuts
     D:5: 48 daAuts

Table legend:
 A = Kills in this place as a percentage of kills in entire the game.
 B = Kills by you in this place as a percentage of kills by you in the entire game.
 C = Kills by friends in this place as a percentage of kills by friends in the entire game.
 D = Other kills in this place as a percentage of other kills in the entire game.
 E = Experience gained in this place as a percentage of experience gained in the entire game.
 F = Experience gained in this place divided by the number of levels of this place that you have seen.
                   A       B       C       D       E      F
               +-------+-------+-------+-------+-------+----------------------
         Total | 100.0 | 100.0 |   N/A |   N/A | 100.0 |  42.6
       Dungeon | 100.0 | 100.0 |   N/A |   N/A | 100.0 |  42.6
               +-------+-------+-------+-------+-------+----------------------
